 Dungeon Crawl Stone Soup version 0.27-a0-1202-ge72e49191c (webtiles) character file.

Game seed: 4420793313352879826

520 Gwenloh the Spear-Bearer (level 7, -1/50 HPs)
             Began as a Merfolk Gladiator on June 3, 2021.
             Was an Initiate of Hepliaklqana.
             Slain by a goblin
             ... wielding a +0 club
             ... led by Robin
              (3 damage)
             ... on level 4 of the Dungeon.
             The game lasted 00:10:59 (4489 turns).

Gwenloh the Spear-Bearer (Merfolk Gladiator)        Turns: 4489, Time: 00:10:59

Health: -1/50      AC:  4    Str: 15    XL:     7   Next: 21%
Magic:  7/7        EV: 13    Int:  7    God:    Hepliaklqana [......]
Gold:   149        SH:  0    Dex: 17    Spells: 6/6 levels left

rFire    . . .     SeeInvis .   a - +0 trident
rCold    . . .     Faith    .   (no shield)
rNeg     . . .     Spirit   .   b - +0 leather armour
rPois    .         Reflect  .   c - +0 helmet
rElec    .         Harm     .   (no cloak)
rCorr    .         Rampage  .   (no gloves)
Will     .....                  (no boots)
Stlth    +.........             (no amulet)
HPRegen  0.16/turn              (no ring)
MPRegen  0.10/turn              (no ring)

@: no status effects
A: (nimble swimmer 2), mertail
a: Renounce Religion


You were on level 4 of the Dungeon.
You worshipped Hepliaklqana.
Hepliaklqana was noncommittal.
You visited 2 branches of the dungeon, and saw 5 of its levels.

You collected 149 gold pieces.

Inventory:

Hand Weapons
 a - a +0 trident (weapon)
Missiles
 d - 3 throwing nets
 g - 146 stones
 m - 2 poisoned darts (quivered)
Armour
 b - a +0 leather armour (worn)
 c - a +0 helmet (worn)
Jewellery
 f - a +6 ring of dexterity
Scrolls
 e - 2 scrolls of fog {unknown}
 i - a scroll of amnesia {unknown}
 j - 2 scrolls of enchant weapon {unknown}
 l - 5 scrolls of identify {unknown}
 o - a scroll of blinking {unknown}
 r - 2 scrolls of noise {unknown}
Potions
 h - a potion of mutation {unknown}
 k - a potion of attraction {unknown}
 n - 2 potions of flight {unknown}
 p - a potion of haste {unknown}
 q - a potion of brilliance {unknown}
 s - 2 potions of curing {unknown}


   Skills:
 - Level 2.1 Fighting
 + Level 11.3 Polearms
 - Level 2.0 Throwing
 - Level 4.0 Dodging


You had 6 spell levels left.
You didn't know any spells.
Your spell library contained the following spells:

 Spells                   Type           Power      Damage    Failure   Level
 Animate Skeleton         Necr           0%         N/A       50%         1
 Foxfire                  Conj/Fire      0%         2x1d4     50%         1
 Pain                     Necr           0%         1d4       50%         1
 Confusing Touch          Hex            0%         N/A       86%         3
 Conjure Flame            Conj/Fire      0%         6-21      86%         3
 Gell's Gravitas          Tloc           0%         N/A       86%         3
 Inner Flame              Hex/Fire       0%         N/A       86%         3
 Vampiric Draining        Necr           0%         2d6       86%         3
 Animate Dead             Necr           0%         N/A       99%         4
 Petrify                  Tmut/Erth      0%         N/A       99%         4
 Sticky Flame             Conj/Fire      0%         2d3       99%         4
 Agony                    Necr           0%         N/A       100%        5
 Fireball                 Conj/Fire      0%         3d3       100%        5
 Metabolic Englaciation   Hex/Ice        0%         N/A       100%        5
 Yara's Violent Unravell  Hex/Tmut       0%         3d3       100%        5


Dungeon Overview and Level Annotations

Branches:
Dungeon (4/15)             Temple (1/1) D:4

Altars:
Ashenzari
Dithmenos
Gozag
Hepliaklqana
Makhleb
Nemelex Xobeh
Qazlal
Ru
Trog
Uskayaw
Vehumet
Wu Jian
Yredelemnul

Annotations:
D:4 Eustachio, Robin


Innate Abilities, Weirdness & Mutations

((You are quick and stealthy near water. (Stealth+, EV+, Speed+++)))
Your lower body shifts to a powerful aquatic tail in water.


Message History

You barely miss Eustachio.
Eustachio is lightly wounded.
The goblin hits you with a +0 club. Eustachio misses you.
Eustachio closely misses you.
You puncture Eustachio!
Eustachio is moderately wounded.
The goblin hits you with a +0 club. Eustachio completely misses you.
You closely miss Eustachio.
Eustachio is moderately wounded.
The goblin barely misses you.
Eustachio casts a spell.
You puncture Eustachio!
Eustachio is heavily wounded.
The goblin misses you.
Eustachio hits you with a +1 rapier of speed.
* * * LOW HITPOINT WARNING * * *
You hit Eustachio.
Eustachio is severely wounded.
Eustachio hits you with a +1 rapier of speed!
* * * LOW HITPOINT WARNING * * *
You hit Eustachio.
Eustachio is severely wounded.
The goblin barely misses you.
Eustachio hits you with a +1 rapier of speed!
* * * LOW HITPOINT WARNING * * *
You barely miss Eustachio.
Eustachio is severely wounded.
The goblin completely misses you. Eustachio barely misses you.
You hit Eustachio.
Eustachio is almost dead.
Eustachio casts a spell.
Eustachio blinks!
The goblin hits you but does no damage.
You completely miss Eustachio.
Eustachio is almost dead.
Eustachio gestures wildly while chanting.
Eustachio blinks!
You completely miss Eustachio.
Eustachio is almost dead.
The goblin hits you with a +0 club.
You die...

####### #.g...#
#.###g# #.###.##
#########..#...#
#rb..r5.@b.#.⌠.#
#@########.#...#
#@#.......###.###
#g#.......#..@..#
#g#..#<...#.....#
#g#..†....#..>..#
#g#.......#.....#
gg#########.....##
.g' ###.###. ..#
#...### ...# #.⌠.#


You could see Eustachio, Robin, a hobgoblin (strong), 5 goblins, a bat
(summoned) and a rat (summoned).

Vanquished Creatures
  Edmund (D:4)
  A centaur (D:3)
  An orc priest (D:3)
  Jessica (D:3)
  Natasha (twice) (D:2)
  2 orc wizards (D:3)
  2 adders
  7 gnolls
  A worm (D:2)
  A dart slug (D:1)
  6 orcs (D:3)
  3 endoplasms
  4 giant cockroaches (D:2)
  3 goblins
  6 hobgoblins
  13 jackals
  4 quokkas
  5 ball pythons
  4 bats
  5 frilled lizards
  5 kobolds
  4 rats
81 creatures vanquished.

Vanquished Creatures (others)
  A goblin (D:4)
1 creature vanquished.

Grand Total: 82 creatures vanquished

Notes
Turn   | Place    | Note
-------+----------+-------------------------------------------
     0 | D:1      | Gwenloh the Merfolk Gladiator began the quest for the Orb.
     0 | D:1      | Reached XP level 1. HP: 16/16 MP: 1/1
   113 | D:1      | Reached skill level 5 in Polearms
   115 | D:1      | Reached XP level 2. HP: 22/22 MP: 2/2
   987 | D:3      | Reached skill level 6 in Polearms
   987 | D:3      | Reached XP level 3. HP: 27/27 MP: 3/3
  1203 | D:3      | Reached XP level 4. HP: 26/33 MP: 4/4
  1219 | D:3      | Reached skill level 7 in Polearms
  1599 | D:2      | Found a bloodstained altar of Trog.
  2188 | D:2      | Found a faded altar of an unknown god.
  2263 | D:2      | Reached skill level 8 in Polearms
  2263 | D:2      | Reached XP level 5. HP: 38/38 MP: 5/5
  2263 | D:2      | Noticed Natasha
  2270 | D:2      | Killed Natasha
  2518 | D:2      | Noticed Natasha
  2524 | D:2      | Killed Natasha
  2816 | D:3      | Reached skill level 9 in Polearms
  2940 | D:3      | Reached XP level 6. HP: 35/44 MP: 6/6
  3284 | D:3      | Reached skill level 10 in Polearms
  3446 | D:3      | Noticed Jessica
  3469 | D:3      | Killed Jessica
  3793 | D:3      | Found a shadowy altar of Dithmenos.
  4260 | D:4      | Found a staircase to the Ecumenical Temple.
  4269 | Temple   | Entered the Ecumenical Temple
  4339 | Temple   | Became a worshipper of Hepliaklqana the Forgotten
  4389 | D:4      | Noticed Edmund
  4397 | D:4      | Noticed Eustachio
  4404 | D:4      | Killed Edmund
  4405 | D:4      | Reached skill level 11 in Polearms
  4405 | D:4      | Reached XP level 7. HP: 26/50 MP: 7/7
  4467 | D:4      | Noticed Robin
  4485 | D:4      | HP: 2/50 [Eustachio/+1 rapier of speed (7)]
  4489 | D:4      | Slain by a goblin

Illustrated notes

Levels and vault maps discovered:
D:1:      dpeg_arrival_castle, layout_basic
D:2:      layout_loops_corners, basic_altar, ebering_ecumenical_altar_hall,
          minmay_worlds_worst_comb, uniq_natasha
D:3:      layout_basic, nicolae_dithmenos_the_darkroom, kennysheep_jessica_study
D:4:      layout_basic, minmay_temple_entry_antechambers, dk_noncrumbling_3,
          uniq_eustachio, uniq_edmund, uniq_robin
Temple:   nicolae_temple_x_marks_the_god

Skill      XL: |  1  2  3  4  5  6 |
---------------+-------------------+-----
Polearms       | 5 6 8 9 11 | 11.3
Fighting       | |  2.1
Throwing       | |  2.0
Dodging        | |  4.0

Action                   |  1- 3 |  4- 6 |  7- 9 || total
-------------------------+-------+-------+-------++-------
Melee: Trident           |    88 |   171 |    29 ||   288
Throw: Stone             |    30 |    23 |       ||    53
       Dart              |       |    39 |     1 ||    40
 Stab: Sleeping          |     4 |     3 |       ||     7
Armor: Leather armour    |    17 |    24 |    25 ||    66
Dodge: Dodged            |    42 |    63 |    58 ||   163

Table legend: (Time is in decaauts)
 A = Elapsed time spent in this place.
 B = Non-inter-level travel time spent in this place.
 C = Inter-level travel time spent in this place.
 D = Time resting spent in this place.
 E = Time spent auto-exploring this place.
 F = Levels seen in this place.
 G = Mean time per level.
                   A        B        C        D        E       F      G
               +--------+--------+--------+--------+--------+-----+--------+
         Total |   4443 |   4315 |    128 |    204 |   3304 |   5 |  888.6 |
       Dungeon |   4365 |   4237 |    128 |    204 |   3248 |   4 | 1091.2 |
        Temple |     77 |     77 |      0 |      0 |     56 |   1 |   77.0 |
               +--------+--------+--------+--------+--------+-----+--------+

Top non-repeatable levels by time:
     D:3: 1908 daAuts
     D:2: 1288 daAuts
     D:1: 997 daAuts
     D:4: 170 daAuts
  Temple: 77 daAuts
